 Dungeon Crawl Stone Soup version 0.21.1-1-g345015f (webtiles) character file.

2430 Sharkov the Nimble (level 9, -2/74 HPs)
             Began as a Merfolk Monk on Mar 30, 2018.
             Was an Elder of Okawaru.
             Slain by a wraith (5 damage)
             ... on level 8 of the Dungeon.
             The game lasted 00:18:30 (7615 turns).

Sharkov the Nimble (Merfolk Monk)                   Turns: 7615, Time: 00:18:31

Health: -2/74      AC:  3    Str: 10      XL:     9   Next: 48%
Magic:  7/9        EV: 25    Int:  9      God:    Okawaru [****..]
Gold:   304        SH:  0    Dex: 18 (20) Spells: 2/8 levels left

rFire    . . .     SeeInvis .   a - +11 quarterstaff of Wu Jian's Regard {crush, MR++ Str-4 Dex+3 Stlth+}
rCold    . . .     Gourm    .   (shield currently unavailable)
rNeg     . . .     Faith    .   l - +0 leather armour
rPois    .         Spirit   .   (helmet restricted)
rElec    .         Reflect  .   (no cloak)
rCorr    .         Harm     .   (no gloves)
MR       ++...                  (no boots)
Stlth    +++++.....             (no amulet)
HPRegen  0.22/turn              g - +2 ring of evasion
MPRegen  0.11/turn              (no ring)

@: heroism, slowed, very slow
A: change form in water, swift swim, stealthy swim, antennae 1, deterioration 1,
wild magic 1, sturdy frame 1
a: Heroism, Renounce Religion


You were on level 8 of the Dungeon.
You worshipped Okawaru.
Okawaru was greatly pleased with you.
You were full.

You visited 2 branches of the dungeon, and saw 9 of its levels.
You also visited: Sewer.

You collected 304 gold pieces.

Inventory:

Hand Weapons
 a - the +11 quarterstaff of Wu Jian's Regard (weapon) {crush, MR++ Str-4 Dex+3 Stlth+}
   (You found it on level 7 of the Dungeon)

   It inflicts extra damage upon your enemies.
   It affects your strength (-4).
   It affects your dexterity (+3).
   It affects your resistance to hostile enchantments.
   It makes you more stealthy.
 d - the +1 trident of Narch {venom, +Fly rElec Dex+4}
   (You found it on level 6 of the Dungeon)

   It poisons the flesh of those it strikes.
   It affects your dexterity (+4).
   It insulates you from electricity.
   It lets you fly.
 i - a +1 hunting sling
 j - a +1 dagger of draining
Missiles
 h - 23 sling bullets (quivered)
Armour
 l - a +0 leather armour (worn)
 u - a +0 chain mail
Jewellery
 g - a +2 ring of evasion (left hand)
Scrolls
 e - 4 scrolls of remove curse
 p - a scroll of identify
 q - a scroll of enchant armour
Potions
 c - a potion of cancellation
 f - 2 potions of brilliance
 m - 3 potions of flight
Books
 k - a book of Misfortune

   Spells                             Type                      Level
   a - Confusing Touch                Hexes                        1
   b - Confuse                        Hexes                        3
   c - Gell's Gravitas                Translocation                3
   d - Petrify                        Transmutation/Earth          4
   e - Metabolic Englaciation         Hexes/Ice                    5
   f - Yara's Violent Unravelling     Hexes/Transmutation          5
 n - a book of Geomancy

   Spells                             Type                      Level
   a - Sandblast                      Earth                        1
   b - Passwall                       Transmutation/Earth          2
   c - Stone Arrow                    Conjuration/Earth            3
   d - Petrify                        Transmutation/Earth          4
   e - Lee's Rapid Deconstruction     Earth                        5
 o - a book of Callings

   Spells                             Type                      Level
   a - Summon Small Mammal            Summoning                    1
   b - Call Imp                       Summoning                    2
   c - Call Canine Familiar           Summoning                    3
   d - Summon Guardian Golem          Hexes/Summoning              3
   e - Summon Lightning Spire         Summoning/Air                4
   f - Summon Ice Beast               Ice/Summoning                4
 r - a book of Misfortune

   Spells                             Type                      Level
   a - Confusing Touch                Hexes                        1
   b - Confuse                        Hexes                        3
   c - Gell's Gravitas                Translocation                3
   d - Petrify                        Transmutation/Earth          4
   e - Metabolic Englaciation         Hexes/Ice                    5
   f - Yara's Violent Unravelling     Hexes/Transmutation          5
Comestibles
 b - 4 rations


   Skills:
 - Level 8.0(13.0) Fighting
 - Level 0.4(5.4) Short Blades
 - Level 5.0(10.0) Polearms
 - Level 1.2(6.2) Slings
 - Level 0.2(5.2) Armour
 + Level 9.5(14.5) Dodging
 - Level 2.2(7.2) Stealth
 - Level 8.2(13.2) Unarmed Combat
 - Level 1.1 Invocations


You had 2 spell levels left.
You knew the following spells:

 Your Spells              Type           Power        Failure   Level  Hunger
a - Confusing Touch       Hex            #.....       47%         1    ##.....
b - Stone Arrow           Conj/Erth      #.....       83%         3    ####...
c - Passwall              Tmut/Erth      #.........   63%         2    ###....


Dungeon Overview and Level Annotations

Branches:
Dungeon (8/15)             Temple (1/1) D:4
   Lair: D:8-11

Altars:
Ashenzari
Fedhas
Hepliaklqana
Kikubaaqudgha
Okawaru
Qazlal
Ru
Wu Jian
Xom
Yredelemnul
The Shining One

Annotations:
D:4 DrClinical's ghost, amateur HOBe
D:5 Sharkov's ghost, novice MfGl
D:8 1 runed door


Innate Abilities, Weirdness & Mutations

You revert to your normal form in water.
You are very nimble and swift while swimming.
You are very stealthy in the water. (Stealth+)
You have a pair of small antennae on your head.
Your body sometimes deteriorates upon taking damage.
Your spells are a little harder to cast, but a little more powerful.
Your movements are slightly less encumbered by armour. (ER -2)


Message History

You sock the wraith!
The wraith is moderately damaged.
The wraith completely misses you.
You thump the wraith!
The wraith is severely damaged.
The wraith closely misses you. x2
You hit the wraith but do no damage.
The wraith is severely damaged.
The wraith hits you.
* * * LOW HITPOINT WARNING * * *
The wraith drains your vigour!
You feel yourself slow down.
You gain the combat prowess of a mighty hero.
The wraith completely misses you.
You sock the wraith!
The wraith is moderately damaged.
The wraith misses you. The wraith closely misses you. x2
You hit the wraith but do no damage.
The wraith is severely damaged.
The wraith closely misses you. The wraith hits you.
You die...

####....######.#
####.## #.. #8.8#
### ##'## ### {
#.# ##.## { ##.##
#...# #+##...##+#
#..W###.b.......#
#..@W#..###+###..#
##.##)†## ..#
###..##{ .. '....+
. ###..## ##..#
'#..# # #... +##8


You could see 2 wraiths.

Vanquished Creatures
  A spriggan (D:7)
  A wraith (D:8)
  A fire bat (D:8)
  A sky beast (D:7)
  A necrophage (D:6)
  5 ogres
  A centaur (D:8)
  2 big kobolds
  2 bullfrogs
  A water moccasin zombie (D:8)
  2 killer bees (D:5)
  5 wights (D:7)
  2 crimson imps
  A quasit (D:7)
  2 bullfrog zombies
  A bullfrog skeleton (D:5)
  A gnoll shaman (D:8)
  An orc priest (D:4)
  2 hounds
  2 orc wizards (D:4)
  An iguana (D:7)
  4 worker ants
  A hound zombie (D:5)
  Robin (D:2)
  6 gnolls
  2 river rats (Sewer)
  3 adders
  An ooze (D:4)
  2 adder zombies
  2 dart slugs
  2 leopard geckos (D:6)
  2 orcs
  8 bats
  A giant cockroach (D:3)
  11 goblins
  8 hobgoblins
  10 jackals
  A quokka (D:8)
  3 frilled lizards
  A jackal skeleton (D:6)
  11 kobolds
  8 rats
124 creatures vanquished.

Notes
Turn   | Place    | Note
-------+----------+-------------------------------------------
     0 | D:1      | Sharkov the Merfolk Monk began the quest for the Orb.
     0 | D:1      | Reached XP level 1. HP: 18/18 MP: 1/1
    98 | D:1      | Reached XP level 2. HP: 14/24 MP: 2/2
   508 | D:1      | Reached XP level 3. HP: 30/30 MP: 3/3
  1611 | D:2      | Reached XP level 4. HP: 19/37 MP: 4/4
  1648 | D:2      | Noticed Robin
  1889 | D:2      | Killed Robin
  2354 | D:2      | Found a faded altar of an unknown god.
  2488 | D:2      | Reached skill level 1 in Slings
  2488 | D:2      | Reached XP level 5. HP: 42/42 MP: 5/5
  2586 | D:3      | Reached skill level 5 in Dodging
  2951 | D:4      | Found a staircase to the Ecumenical Temple.
  2962 | Temple   | Entered the Ecumenical Temple
  3023 | Temple   | Became a worshipper of Warmaster Okawaru
  3023 | Temple   | Reached * piety under Okawaru
  3023 | Temple   | Reached ** piety under Okawaru
  3127 | D:4      | Noticed an ogre
  3139 | D:4      | Killed an ogre
  3208 | D:4      | Noticed an ogre
  3215 | D:4      | Killed an ogre
  3215 | D:4      | Reached skill level 5 in Fighting
  3215 | D:4      | Reached XP level 6. HP: 40/51 MP: 3/6
  3400 | D:4      | Noticed DrClinical's ghost (amateur HOBe)
  3428 | D:5      | Entered Level 5 of the Dungeon
  3689 | D:4      | Reached skill level 5 in Unarmed Combat
  3942 | D:4      | Reached XP level 7. HP: 27/58 MP: 4/7
  4671 | D:5      | Noticed Sharkov's ghost (novice MfGl)
  4782 | D:6      | Found a glowing drain.
  4787 | Sewer    | Entered a sewer
  4809 | Sewer    | Reached skill level 1 in Invocations
  5053 | Sewer    | Found a white marble altar of Elyvilon.
  5117 | D:6      | Reached *** piety under Okawaru
  5117 | D:6      | Reached XP level 8. HP: 44/65 MP: 8/8
  5355 | D:6      | Got a bloodstained trident
  5358 | D:6      | Identified the cursed +1 trident of Narch {venom, +Fly rElec Dex+4} (You found it on level 6 of the Dungeon)
  5463 | D:6      | Found a shimmering altar of Xom.
  5471 | D:6      | Reached skill level 1 in Polearms
  5774 | D:6      | Reached skill level 5 in Polearms
  6622 | D:7      | Noticed a spriggan baker
  6633 | D:7      | Killed a spriggan baker
  6633 | D:7      | Reached **** piety under Okawaru
  6835 | D:7      | Got a brightly glowing quarterstaff
  6844 | D:7      | Identified the +11 quarterstaff of Wu Jian's Regard {crush, MR++ Str-4 Dex+3 Stlth+} (You found it on level 7 of the Dungeon)
  6869 | D:7      | Found an iron altar of Okawaru.
  6884 | D:7      | Reached skill level 6 in Dodging
  6884 | D:7      | Reached XP level 9. HP: 44/72 MP: 9/9
  6893 | D:7      | Reached skill level 7 in Dodging
  7230 | D:7      | Gained mutation: You have a pair of small antennae on your head. [potion of mutation]
  7230 | D:7      | Gained mutation: Your body sometimes deteriorates upon taking damage. [potion of mutation]
  7230 | D:7      | Gained mutation: Your movements are slightly less encumbered by armour. (ER -2) [potion of mutation]
  7230 | D:7      | Gained mutation: Your spells are a little harder to cast, but a little more powerful. [potion of mutation]
  7381 | D:8      | Reached skill level 8 in Dodging
  7514 | D:8      | Learned a level 1 spell: Confusing Touch
  7518 | D:8      | Learned a level 3 spell: Stone Arrow
  7521 | D:8      | Learned a level 2 spell: Passwall
  7557 | D:8      | Found a runed door.
  7599 | D:8      | Reached skill level 9 in Dodging
  7600 | D:8      | HP: 1/74 [centaur/arrow (11)]
  7611 | D:8      | HP: 2/74 [wraith (2)]
  7615 | D:8      | Slain by a wraith

Skill      XL: |  1  2  3  4  5  6  7  8  9 |
---------------+----------------------------+-----
Unarmed Combat | 4 5 7 8 |  8.2
Fighting       | 4 5 6 8 |  8.0
Slings         | 1 |  1.2
Dodging        | 5 6 9 |  9.5
Invocations    | 1 |  1.1
Polearms       | 5 |  5.0
Short Blades   | |  0.4
Armour         | |  0.2
Stealth        | |  2.2

Action                   |  1- 3 |  4- 6 |  7- 9 || total
-------------------------+-------+-------+-------++-------
Melee: Unarmed           |    21 |    44 |    78 ||   143
       Dagger            |    24 |    13 |     5 ||    42
       Punch             |       |     1 |     8 ||     9
       Tailslap          |       |       |     4 ||     4
       Trident           |       |       |    87 ||    87
       Quarterstaff      |       |       |    70 ||    70
 Fire: Hunting sling     |    33 |    58 |    56 ||   147
Invok: Heroism           |       |     3 |     2 ||     5
  Use: Scroll            |       |     6 |    10 ||    16
       Potion            |       |     1 |     5 ||     6
 Stab: Sleeping          |     2 |     1 |     4 ||     7
  Eat: Ration            |     2 |     1 |     4 ||     7
       Chunk             |       |     2 |       ||     2
Armor: Robe              |     4 |       |       ||     4
       Leather armour    |     1 |     9 |    24 ||    34
Dodge: Dodged            |    42 |    58 |   305 ||   405
